 Dungeon Crawl Stone Soup version 0.24-a0-471-g3302cd442e (webtiles) character file.

Game seed: 7510382444955887298

7337 Kuinu the Fighter (level 10, -6/145 HPs)
             Began as a Minotaur Berserker on July 4, 2019.
             Was a High Priest of Trog.
             Mangled by a yak (10 damage)
             ... on level 11 of the Dungeon.
             The game lasted 00:15:48 (6987 turns).

Kuinu the Fighter (Minotaur Berserker)              Turns: 6987, Time: 00:15:49

Health: -6/145     AC: 13    Str: 32    XL:     10   Next: 90%
Magic:  9/9        EV: 14    Int:  4    God:    Trog [*****.]
Gold:   669        SH:  4    Dex: 10    Spells: 9/9 levels left

rFire    + . .     SeeInvis +   A - +5 flail of Laceration {pain, Str+2}
rCold    . . .     Gourm    .   (no shield)
rNeg     . . .     Faith    .   G - +4 scale mail of Buawn {+Blink Stlth+}
rPois    .         Spirit   .   (helmet restricted)
rElec    .         Reflect  +   q - +0 cloak
rCorr    .         Harm     .   (no gloves)
MR       .....                  (no boots)
Stlth    ..........             y - +4 amulet of reflection
HPRegen  0.34/turn              v - ring of see invisible
MPRegen  0.11/turn              K - ring of protection from fire

@: berserking, very quick
A: retaliatory headbutt, horns 2
a: Berserk, Trog's Hand, Brothers in Arms, Renounce Religion, Evoke Blink


You were on level 11 of the Dungeon.
You worshipped Trog.
Trog was extremely pleased with you.
You were hungry.

You visited 1 branch of the dungeon, and saw 10 of its levels.
You visited the Abyss 1 time.

You collected 669 gold pieces.

Inventory:

Hand Weapons
 a - a +1 hand axe
 A - the +5 flail of Laceration (weapon) {pain, Str+2}
   (You found it on level 5 of the Dungeon)

   In the hands of one skilled in necromantic magic, it inflicts extra damage on
   living creatures.
   It affects your strength (+2).
 C - a +2 hand axe of freezing
 J - a +0 battleaxe
Armour
 b - a +0 animal skin
 f - a +0 leather armour
 g - a scarf of spirit shield
 h - a +4 ring mail
 q - a +0 cloak (worn)
 G - the +4 scale mail of Buawn (worn) {+Blink Stlth+}
   (You found it on level 8 of the Dungeon)

   It lets you blink.
   It makes you more stealthy.
Jewellery
 v - a ring of see invisible (left hand)
 y - a +4 amulet of reflection (around neck)
 K - a ring of protection from fire (right hand)
Wands
 z - a wand of scattershot (4)
 F - a wand of flame (18)
 H - a wand of random effects (21)
Scrolls
 d - 7 scrolls of teleportation
 j - a scroll of fog
 l - 3 scrolls of identify
 m - 5 scrolls of remove curse
 n - 2 scrolls of fear
 s - a scroll of vulnerability
 D - a scroll of enchant armour
Potions
 e - 2 potions of agility
 i - a potion of brilliance
 k - a potion of magic
 o - 2 potions of mutation
 p - 3 potions of degeneration
 r - a potion of berserk rage
 t - 2 potions of resistance
 u - 2 potions of ambrosia
 w - 5 potions of curing
 x - a potion of haste
 B - a potion of cancellation {unknown}
 I - a potion of heal wounds
 M - a potion of might
 N - a potion of lignification {unknown}
Comestibles
 c - 24 rations
 E - a chunk of flesh


   Skills:
 * Level 12.0 Fighting
 * Level 11.9 Axes
 + Level 8.6 Armour
 + Level 7.8 Dodging


You had 9 spell levels left.
You didn't know any spells.
Your spell library was empty.

Dungeon Overview and Level Annotations

Branches:
Dungeon (11/15)            Temple (0/1) D:4            Lair (0/6) D:9
    Orc: D:9-12

Altars:
Ashenzari
Dithmenos
Hepliaklqana
Makhleb
Sif Muna
Trog
Uskayaw
Wu Jian
Yredelemnul

Shops:
D:7 *   D:8 (   D:10 !


Innate Abilities, Weirdness & Mutations

You reflexively headbutt those who attack you in melee.
You have a pair of horns on your head.


Message History

The yak is almost dead.
You block the yak's attack. The yak barely misses you.
You sock the yak!
You kill the yak!
Trog accepts your kill.
Your Fighting skill increases to level 12!
The yak gores you but does no damage. The yak gores you.
* * * LOW HITPOINT WARNING * * *
You hit the yak. Your headbutt misses the yak.
The yak is moderately wounded.
The yak gores you!
* * * LOW HITPOINT WARNING * * *
You bludgeon the yak!!
The yak is almost dead.
The yak gores you!
* * * LOW HITPOINT WARNING * * *
You completely miss the yak.
The yak is almost dead.
The yak misses you. The yak gores you!
You die...

###÷....####
##........#
###.........#
##............#
#.............#
#..............#
#..............#
#$..Y..........
##.@†.........
#.†Y........
#...........
##.........
#........
#........
##.......
.......


You could see 2 yaks.

Vanquished Creatures
  A death yak (D:9)
  An unseen horror (D:10)
  Psyche (D:8)
  A troll (D:9)
  Grinder (D:5)
  2 hippogriffs
  3 yaks (D:11)
  2 basilisks (D:9)
  A water moccasin (D:7)
  3 orc warriors (D:10)
  Duvessa (D:7)
  2 ice beasts
  4 sky beasts
  2 black bears (D:7)
  A necrophage (D:7)
  6 centaurs
  5 ogres
  A big kobold (D:8)
  7 bullfrogs
  A water moccasin zombie (D:8)
  Dowan (D:7)
  4 killer bees (D:10)
  A howler monkey (D:11)
  5 crimson imps
  2 quasits (D:9)
  4 hounds
  2 jellies
  An orc priest (D:7)
  2 centaur skeletons
  2 bullfrog skeletons
  6 orc wizards
  Crazy Yiuf (D:3)
  Jessica (D:3)
  3 iguanas
  7 worker ants
  A killer bee zombie (D:5)
  A hound zombie (D:10)
  A howler monkey zombie (D:8)
  A worker ant zombie (D:3)
  9 gnolls
  12 adders
  A shadow imp (D:9)
  2 oozes
  An adder zombie (D:10)
  A worm (D:2)
  2 dart slugs
  4 leopard geckos
  31 orcs
  3 ball pythons
  4 bats
  6 giant cockroaches
  8 hobgoblins
  16 jackals
  3 quokkas
  4 frilled lizards
  5 goblins
  10 kobolds
  A leopard gecko zombie (D:5)
  12 rats
227 creatures vanquished.

Notes
Turn   | Place    | Note
-------+----------+-------------------------------------------
     0 | D:1      | Kuinu the Minotaur Berserker began the quest for the Orb.
     0 | D:1      | Reached XP level 1. HP: 19/19 MP: 0/0
    50 | D:1      | Reached XP level 2. HP: 27/27 MP: 1/1
   106 | D:1      | Reached skill level 4 in Fighting
   296 | D:1      | Reached XP level 3. HP: 32/33 MP: 2/2
   308 | D:1      | Reached ** piety under Trog
   726 | D:2      | Reached XP level 4. HP: 36/41 MP: 3/3
   809 | D:2      | Found a basalt altar of Yredelemnul.
   830 | D:2      | Found a burning altar of Makhleb.
   902 | D:2      | Reached skill level 5 in Axes
   971 | D:2      | Reached skill level 5 in Fighting
  1043 | D:2      | Reached XP level 5. HP: 48/48 MP: 4/4
  1475 | D:3      | Found a shadowy altar of Dithmenos.
  1477 | D:3      | Noticed Jessica
  1487 | D:3      | Killed Jessica
  1496 | D:3      | Reached *** piety under Trog
  1560 | D:3      | Found a faded altar of an unknown god.
  1636 | D:3      | Found a runed translucent door.
  1637 | D:3      | Noticed Crazy Yiuf
  2046 | D:3      | Killed Crazy Yiuf
  2046 | D:3      | Reached XP level 6. HP: 56/56 MP: 5/5
  2269 | D:4      | Lost intelligence.
  2421 | D:4      | Reached skill level 6 in Fighting
  2474 | D:4      | Found a shattered altar of Ashenzari.
  2480 | D:4      | Found a staircase to the Ecumenical Temple.
  2510 | D:4      | Reached XP level 7. HP: 55/63 MP: 6/6
  2654 | D:4      | Found an ornate altar of the Wu Jian Council.
  2765 | D:5      | Entered Level 5 of the Dungeon
  2929 | D:5      | Found a deep blue altar of Sif Muna.
  2998 | D:5      | Noticed Grinder
  3002 | D:5      | Paralysed by Grinder for 5 turns
  3009 | D:5      | Got an iridescent flail
  3013 | D:5      | Paralysed by Grinder for 2 turns
  3021 | D:5      | Paralysed by Grinder for 6 turns
  3033 | D:5      | Killed Grinder
  3033 | D:5      | Reached skill level 7 in Fighting
  3040 | D:5      | Identified the +5 flail of Laceration {pain, Str+2} (You
                  | found it on level 5 of the Dungeon)
  3051 | D:5      | You fall into a shaft and drop 2 floors!
  3057 | D:7      | Reached skill level 5 in Armour
  3057 | D:7      | Reached XP level 8. HP: 48/73 MP: 7/7
  3067 | D:7      | Noticed Duvessa
  3068 | D:7      | Noticed Dowan
  3079 | D:7      | Killed Duvessa
  3081 | D:7      | Killed Dowan
  3429 | D:7      | Reached skill level 8 in Fighting
  3429 | D:7      | Reached skill level 5 in Dodging
  3433 | D:7      | Reached **** piety under Trog
  3453 | D:7      | Found a bloodstained altar of Trog.
  3718 | D:7      | Reached skill level 9 in Fighting
  3718 | D:7      | Reached XP level 9. HP: 83/83 MP: 8/8
  3907 | D:7      | Found Kiasoemi's Assorted Antiques.
  4069 | D:8      | Noticed Psyche
  4078 | D:8      | Cast into level 1 of the Abyss (Psyche)
  4098 | D:8      | Escaped the Abyss
  4107 | D:8      | Killed Psyche
  4399 | D:8      | Got a twisted scale mail
  4405 | D:8      | Identified the +4 scale mail of Buawn {+Blink Stlth+} (You
                  | found it on level 8 of the Dungeon)
  4575 | D:8      | Found Ryunku's Weapon Boutique.
  4674 | D:8      | Found a hazy altar of Hepliaklqana.
  4857 | D:9      | Reached skill level 10 in Fighting
  4857 | D:9      | Reached skill level 10 in Axes
  4990 | D:9      | Found a hide-covered altar of Uskayaw.
  5209 | D:9      | Found a staircase to the Lair.
  5209 | D:9      | Noticed a death yak
  5210 | D:9      | Noticed a troll
  5224 | D:9      | Killed a death yak
  5224 | D:9      | Reached XP level 10. HP: 94/94 MP: 9/9
  5707 | D:9      | Reached skill level 11 in Fighting
  6076 | D:10     | Entered Level 10 of the Dungeon
  6221 | D:10     | Noticed an unseen horror
  6241 | D:10     | Killed an unseen horror
  6491 | D:10     | Identified a scroll of acquirement
  6610 | D:10     | Found Viem's Distillery.
  6664 | D:10     | Reached ***** piety under Trog
  6984 | D:11     | Reached skill level 12 in Fighting
  6986 | D:11     | HP: 4/145 [yak (7)]
  6987 | D:11     | Mangled by a yak

Levels and vault maps discovered:
D:1:      wheals_arrival_shading, layout_loops_ring
D:2:      layout_loops_ring, yredelemnul_altar_generic, lemuel_crystal_altar
D:3:      layout_loops_ring, lemuel_crystal_altar,
          chequers_ecumenical_altar_simple, uniq_jessica,
          uniq_crazy_yiuf_cottage
D:4:      layout_loops_ring, overflow_temple_1_default,
          cheibrodos_ashenzari_chains, minmay_temple_entry_statues_fountains,
          first_ration
D:5:      lemuel_ice_spiral_2, layout_basic, serial_shops, shop, led_sif_book,
          uniq_grinder
D:7:      layout_gridville, trog_ov_bears_minmay, serial_shops,
          nicolae_shop_temple_entry_statues_fountains, uniq_duvessa
D:8:      layout_rooms, kennysheep_mini, serial_shops, nicolae_shop_crystal,
          nicolae_sextant, blue_anna_alchemist [blue_anna_fruit_fields,
          blue_anna_fruit_fields], uniq_psyche
D:9:      layout_layer_cave, eat_drink_and_be_merry_uskayaw, david_lair_generic
D:10:     layout_stronghold, serial_shops, shop
D:11:     layout_cave_pods, zombieorc2_lemuel

Skill      XL: |  1  2  3  4  5  6  7  8  9 10 |
---------------+-------------------------------+-----
Fighting       | 4 5 6 7 9 10 12 | 12.0
Axes           | 4 5 6 7 9 10 11 | 11.9
Armour         | 3 4 5 6 7 8 |  8.6
Dodging        | 3 4 5 6 7 |  7.8

Action                   |  1- 3 |  4- 6 |  7- 9 | 10-12 || total
-------------------------+-------+-------+-------+-------++-------
Melee: Hand axe          |    66 |   177 |    37 |       ||   280
       Headbutt          |     6 |    28 |    47 |    21 ||   102
       Flail             |       |       |   178 |   134 ||   312
Invok: Berserk           |       |     2 |     3 |     1 ||     6
       Trog's Hand       |       |     1 |     2 |       ||     3
  Use: Scroll            |       |    12 |     1 |    12 ||    25
  Eat: Chunk             |       |     8 |    11 |     7 ||    26
Armor: Animal skin       |     3 |       |       |       ||     3
       Ring mail         |    21 |    57 |    58 |       ||   136
       Leather armour    |     1 |       |       |       ||     1
       Scale mail        |       |       |    29 |    79 ||   108
Dodge: Dodged            |    34 |   101 |   161 |   140 ||   436
Block: Other             |       |       |    10 |    26 ||    36
       Reflection        |       |       |       |     4 ||     4

Table legend:
 A = Non-vault XP
 B = Vault XP
 C = Vault XP percentage of total XP
 D = Non-vault monster count
 E = Vault monster count
 F = Vault count percentage of total count
                 A         B        C        D         E       F
            +---------+---------+-------+---------+---------+-------
      Total |    7632 |    2850 |  27.2 |     214 |      13 |   5.7
            +---------+---------+-------+---------+---------+-------
        D:1 |      61 |       0 |   0.0 |      27 |       0 |   0.0
        D:2 |     144 |       0 |   0.0 |      32 |       0 |   0.0
        D:3 |     117 |      76 |  39.4 |      21 |       2 |   8.7
        D:4 |     357 |       0 |   0.0 |      13 |       0 |   0.0
        D:5 |     327 |     277 |  45.9 |      12 |       1 |   7.7
        D:7 |    1257 |     468 |  27.1 |      34 |       4 |  10.5
        D:8 |     592 |     510 |  46.3 |      11 |       2 |  15.4
        D:9 |    1233 |    1519 |  55.2 |      21 |       4 |  16.0
       D:10 |    2836 |       0 |   0.0 |      38 |       0 |   0.0
       D:11 |     708 |       0 |   0.0 |       5 |       0 |   0.0
            +---------+---------+-------+---------+---------+-------
